 Dungeon Crawl Stone Soup version 0.30.1-11-g7821555f0a (webtiles) character file.

Game seed: 15525241363932151666

63 Derak the Shield-Bearer (level 3, -1/33 HPs)
             Began as a Minotaur Fighter on Dec 11, 2023.
             Slain by Crazy Yiuf
             ... wielding a +4 quarterstaff of chaos
              (18 damage)
             ... on level 2 of the Dungeon.
             The game lasted 00:11:13 (1658 turns).

Derak the Shield-Bearer (Minotaur Fighter)          Turns: 1658, Time: 00:11:14

Health: -1/33      AC:  9    Str: 22    XL:     3   Next: 89%
Magic:  2/2        EV: 13    Int: 11    God:
Gold:   72         SH:  4    Dex:  9    Spells: 2/2 levels left

rFire   . . .        k - +3 trident
rCold   . . .        c - +0 buckler
rNeg    . . .        r - +0 chain mail
rPois   .            (helmet restricted)
rElec   .            (no cloak)
rCorr   .            (no gloves)
SInv    .            (no boots)
Will    .....        (no amulet) Stlth
                     n - +6 ring of intelligence
HPRegen 0.25/turn    (no ring)
MPRegen 0.08/turn

%: no passive effects
@: agile
A: horns 2, retaliatory headbutt
a: no special abilities


You were on level 2 of the Dungeon.
You visited 1 branch of the dungeon, and saw 2 of its levels.

You collected 72 gold pieces.

Inventory:

Hand Weapons
 a - a +0 war axe
 k - a +3 trident (weapon)
Armour
 b - a +0 scale mail
 c - a +0 buckler (worn)
 r - a +0 chain mail (worn)
Jewellery
 n - a +6 ring of intelligence (left hand)
Scrolls
 e - 2 scrolls of identify {unknown}
 f - 3 scrolls of teleportation {unknown}
 i - a scroll of poison {unknown}
 l - 3 scrolls of blinking {unknown}
 s - a scroll of noise {unknown}
Potions
 d - a potion of might
 g - a potion of magic {unknown}
 h - a potion of attraction {unknown}
 j - a potion of heal wounds {unknown}
 m - a potion of brilliance {unknown}
 o - a potion of mutation {unknown}
 p - a potion of curing {unknown}
 q - a potion of degeneration {unknown}


   Skills:
 - Level 3.9 Fighting
 - Level 2.5(2.8) Axes
 + Level 1.6(2.4) Polearms
 - Level 4.0 Armour
 * Level 4.9 Shields


You had 2 spell levels left.
You didn't know any spells.
Your spell library contained the following spells:

 Spells                   Type           Power      Damage    Failure   Level
 Gell's Gravitas          Tloc           0%         N/A       100%        3
 Portal Projectile        Hex/Tloc       0%         N/A       100%        3
 Teleport Other           Tloc           0%         N/A       100%        3
 Tukima's Dance           Hex            0%         N/A       100%        3
 Blade Hands              Tmut           0%         N/A       100%        5
 Dispersal                Tloc           0%         N/A       100%        6


Dungeon Overview and Level Annotations

Branches:
Dungeon (2/15)

Altars:

Annotations:
D:2 Crazy Yiuf


Innate Abilities, Weirdness & Mutations

You have a pair of horns on your head.
You reflexively headbutt those who attack you in melee.


Message History

The kobold shouts!
The kobold hits you but does no damage.
You closely miss the kobold. Your headbutt misses the kobold.
You block the kobold's attack.
You completely miss the kobold. The kobold closely misses you.
You puncture the kobold!
You kill the kobold!
Things that are here:
a +0 club; a kobold corpse
There is a stone staircase leading up here.
A goblin comes into view. It is wielding a +0 dagger.
Found a stone staircase leading up.
The goblin shouts!
The goblin hits you but does no damage.
You puncture the goblin!
You kill the goblin!
Things that are here:
a +0 dagger; a goblin corpse
Found a hammer.
Found a runed translucent door.
Crazy Yiuf shouts!
Crazy Yiuf waves his quarterstaff at you.
You open the door. You puncture Crazy Yiuf!
You headbutt Crazy Yiuf, but do no damage.
Crazy Yiuf is moderately wounded.
Crazy Yiuf drinks a potion.
Crazy Yiuf seems to grow stronger.
You barely miss Crazy Yiuf.
Crazy Yiuf is moderately wounded.
Crazy Yiuf hits you with a +4 quarterstaff of chaos!
Ouch! That really hurt!
You feel agile all of a sudden. Crazy Yiuf closely misses you.
You closely miss Crazy Yiuf.
Crazy Yiuf is moderately wounded.
Crazy Yiuf barely misses you. You furiously retaliate!
You headbutt Crazy Yiuf. You barely miss Crazy Yiuf.
Crazy Yiuf is heavily wounded.
Crazy Yiuf hits you with a +4 quarterstaff of chaos!!
Ouch! That really hurt!
You die...

### ..# ######## ..#
### ###.#....## #.#
#...##..#......## #.#
#...g@####......#
########.# #)..###
##.....# .........# ###
####..# .........# #.##
#####.##.# #.# # #.##.#
######### ##.# #
#.##.#####.......###..#
#
#.##.........)..<....##
#
#.########........####


You could see Crazy Yiuf (strong).

Vanquished Creatures
  2 adders (D:2)
  2 dart slugs (D:1)
  5 ball pythons
  2 endoplasms (D:1)
  2 giant cockroaches (D:1)
  5 goblins
  2 hobgoblins (D:1)
  4 jackals (D:1)
  2 quokkas (D:1)
  4 bats
  A frilled lizard (D:1)
  6 kobolds
  3 rats
40 creatures vanquished.

Notes
Turn   | Place    | Note
-------+----------+-------------------------------------------
     0 | D:1      | Derak the Minotaur Fighter began the quest for the Orb.
     0 | D:1      | Reached XP level 1. HP: 19/19 MP: 0/0
   280 | D:1      | Reached XP level 2. HP: 27/27 MP: 1/1
   697 | D:1      | Reached XP level 3. HP: 33/33 MP: 2/2
   911 | D:1      | Reached skill level 1 in Polearms
  1505 | D:2      | Found a faded altar of an unknown god.
  1650 | D:2      | Found a runed translucent door.
  1651 | D:2      | Noticed Crazy Yiuf
  1658 | D:2      | Slain by Crazy Yiuf

Illustrated notes

Levels and vault maps discovered:
D:1:      saegor_arrival_simple_d, layout_basic, kennysheep_flooded_box
D:2:      layout_loops_ring, shapermc_ecumenical_altar_pompeii,
          chequers_serial_rivers_room_a, minmay_between, uniq_crazy_yiuf_cottage

Skill      XL: |  1  2  3 |
---------------+----------+-----
Armour         | 4 |  4.0
Shields        | 4 |  4.9
Polearms       | 1 |  1.6
Fighting       | |  3.9
Axes           | |  2.5

Action                     || total
---------------------------++-------
  Melee: War axe           ||    26
         Headbutt          ||     8
         Trident           ||    53
 Armour: Scale mail        ||    38
         Chain mail        ||     2
  Dodge: Dodged            ||    37
  Block: Buckler           ||     9
